 Dungeon Crawl Stone Soup version 0.30.1-1-g62c8e00024 (webtiles) character file.

Game seed: 18380827422580769602

14 growler the Ruffian (level 2, -7/23 HPs)
             Began as a Draconian Transmuter on July 14, 2023.
             Mangled by a kobold
             ... wielding a +2 short sword of distortion
              (25 damage)
             ... on level 1 of the Dungeon.
             The game lasted 00:02:35 (596 turns).

growler the Ruffian (Draconian Transmuter)           Turns: 596, Time: 00:02:36

Health: -7/23      AC:  4    Str: 12    XL:     2   Next: 31%
Magic:  2/5        EV: 12    Int: 13    God:
Gold:   13         SH:  0    Dex: 11    Spells: 2/5 levels left

rFire   . .          .
                       - Unarmed
rCold   . . .        (no shield)
rNeg    . . .        (body armour unavailable)
rPois   .            (helmet restricted)
rElec   .            (no cloak)
rCorr   .            (no gloves)
SInv    .            (no boots)
Will    .....        (no amulet)
Stlth   +            (no ring)
HPRegen 0.23/turn    (no ring)
MPRegen 0.09/turn

%: no passive effects
@: wereblooded (expiring), very slightly contaminated
A: AC +4, unfitting armour, cold-blooded
a: no special abilities


You were on level 1 of the Dungeon.
You visited 1 branch of the dungeon, and saw 1 of its levels.

You collected 13 gold pieces.

Inventory:

Scrolls
 b - a scroll of identify {unknown}
Potions
 a - a potion of lignification
 c - a potion of attraction {unknown}
 d - a potion of curing {unknown}


   Skills:
 - Level 1.1 Fighting
 - Level 1.7 Dodging
 + Level 3.2 Unarmed Combat
 + Level 2.3 Spellcasting
 + Level 2.3 Transmutations


You had 2 spell levels left.
You knew the following spells:

 Your Spells              Type           Power      Damage    Failure   Level
a - Beastly Appendage     Tmut           14%        N/A       10%         1
b - Wereblood             Tmut           7%         N/A       14%         2

Your spell library contained the following spells:

 Spells                   Type           Power      Damage    Failure   Level
 Spider Form              Tmut/Pois      4%         N/A       41%         3
 Ice Form                 Ice/Tmut       4%         N/A       83%         4


Dungeon Overview and Level Annotations

Branches:
Dungeon (1/15)

Altars:


Innate Abilities, Weirdness & Mutations

Your plain brown scales are hard. (AC +4)
You cannot fit into any form of body armour.
You are cold-blooded and may be slowed by cold attacks.


Message History

You hit the ball python.
You kill the ball python!
You see here a ball python corpse.
Your transformation is almost over.
Your horns disappear.
Your talons disappear.
c - an emerald potion
Found a stone staircase leading down.
You open the door.
There is an open door here.
Found a scale mail.
You see here a +0 scale mail.
You now have 13 gold pieces.
You see here a +0 scale mail.
d - a bubbling orange potion A kobold comes into view.
It is wielding a +0 short sword.
You grow a pair of large bovine horns.
Your feet morph into talons.
The kobold shouts!
A kobold comes into view.
It is wielding a +2 short sword of distortion.
You aren't carrying any items that you can evoke.
Casting: Beastly Appendage (safe; 10% risk of failure)
Confirm with . or Enter, or press ? or * to list all spells.
Your blood is infused with primal strength.
The kobold shouts!
The kobold throws a stone.
The stone hits you but does no damage.
Your transformation is almost over.
The kobold throws a stone.
The stone hits you but does no damage.
The kobold throws a stone.
The stone barely misses you.
The kobold throws a stone.
The stone hits you but does no damage.
Your horns disappear.
Your talons disappear.
You miscast Beastly Appendage.
You are very lightly contaminated with residual magic.
Nothing appears to happen.
Your primal bloodlust is almost over.
You barely miss the kobold. The kobold misses you.
You completely miss the kobold. The kobold barely misses you.
You barely miss the kobold.
The kobold hits you with a +2 short sword of distortion.
Space warps horribly around you!!
Ouch! That really hurt!
You die...

#......######.#############......
#.........................'......
#.....#######.#############......
#...........#........>...........
#.....#####.#..###########.......
......# #.#..###########.......
##....# #.#.....†.....##.......
###########.#.#########.##.#.####
..........).....@KK...#.##.#.####
###########.#.######..#.#........
......>.....#.# #..#.#........
#############.# #..#.#........
..............# #..#.#........
#.############# #K.#.#..#.####
#.# #..#.#..#.# '.# #K.#.#..#.#
### #..#.#..#.####


You could see 2 kobolds.

Vanquished Creatures
  A bat (D:1)
  4 goblins (D:1)
  4 jackals (D:1)
  2 ball pythons (D:1)
  A kobold (D:1)
12 creatures vanquished.

Notes
Turn   | Place    | Note
-------+----------+-------------------------------------------
     0 | D:1      | growler the Draconian Transmuter began the quest for the
                  | Orb.
     0 | D:1      | Reached XP level 1. HP: 16/16 MP: 3/3
   178 | D:1      | Reached XP level 2. HP: 23/23 MP: 3/5
   249 | D:1      | Learned a level 2 spell: Wereblood
   596 | D:1      | Mangled by a kobold

Illustrated notes

Levels and vault maps discovered:
D:1:      ncdulo_lavacross, layout_basic

Action                     || total
---------------------------++-------
  Melee: Unarmed           ||    31
         Kick              ||     2
         Tailslap          ||     1
   Cast: Beastly Appendage ||     7
         Wereblood         ||     1
 Armour: Skin              ||    12
  Dodge: Dodged            ||    19
